 Dungeon Crawl Stone Soup version 0.19.0-2-gae57169 (webtiles) character file.

105 Kullungy the Shooter (level 4, -2/36 HPs)
             Began as a Centaur Arcane Marksman on Nov 4, 2016.
             Slain by Robin
             ... wielding a +0 spear
              (7 damage)
             ... on level 3 of the Dungeon.
             The game lasted 00:08:42 (1845 turns).

Kullungy the Shooter (Centaur Arcane Marksman)      Turns: 1845, Time: 00:08:42

Health: -2/36      AC:  4    Str: 14    XL:     4   Next: 53%
Magic:  5/5        EV: 10    Int: 12    God:
Gold:   53         SH:  0    Dex:  9    Spells: 1 memorised, 4 levels left

rFire  . . .     SeeInvis .     a - +0 shortbow
rCold  . . .     Gourm    .     e - +0 robe
rNeg   . . .     Faith    .     (shield currently unavailable)
rPois  .         Spirit   .     (no helmet)
rElec  .         Reflect  .     (no cloak)
rCorr  .         Harm     .     (no gloves)
MR     .....                    (no barding)
Stlth  +.........               (no amulet)
                                (no ring)
                                (no ring)

@: very quick
A: hooves 3, deformed body, speed 2, tough skin 3
a: no special abilities


You were on level 3 of the Dungeon.
You were very full.

You visited 1 branch of the dungeon, and saw 3 of its levels.

You collected 53 gold pieces.

Inventory:

Hand Weapons
 a - a +0 shortbow (weapon)
Missiles
 d - 43 arrows (quivered)
 g - 132 stones
Armour
 e - a +0 robe (worn)
 p - a +0 robe
 r - a +0 plate armour
Wands
 u - a wand of paralysis (14/24)
Scrolls
 b - 2 scrolls of identify {unknown}
 j - a scroll of blinking {unknown}
 k - 2 scrolls of amnesia {unknown}
 o - a scroll of recharging {unknown}
 t - a scroll of fear {unknown}
Potions
 h - a potion of might {unknown}
 i - a potion of lignification {unknown}
 l - 3 potions of curing
 m - a potion of heal wounds {unknown}
 n - a potion of resistance {unknown}
 q - a potion of degeneration {unknown}
 s - a potion of flight {unknown}
Books
 c - a book of Debilitation

   Spells                             Type                      Level
   a - Corona                         Hexes                        1
   b - Slow                           Hexes                        2
   c - Gell's Gravitas                Hexes/Translocation          3
   d - Inner Flame                    Hexes/Fire                   3
   e - Cause Fear                     Hexes                        4
   f - Leda's Liquefaction            Hexes/Earth                  4
Comestibles
 f - a bread ration


   Skills:
 + Level 1.7 Fighting
 + Level 4.7 Bows
 + Level 1.7 Dodging
 + Level 1.1 Spellcasting
 + Level 3.3 Hexes


You had 4 spell levels left.
You knew the following spells:

 Your Spells              Type           Power        Failure   Level  Hunger
a - Corona                Hex            #......      10%         1    ##.....


Dungeon Overview and Level Annotations

Branches:
Dungeon (3/15)

Altars:

Annotations:
D:3 Robin


Innate Abilities, Weirdness & Mutations

You have hooves in place of feet.
Armour fits poorly on your strangely shaped body.
You cover ground very quickly.
You have extremely tough skin. (AC +3)


Message History

The goblin is moderately wounded.
The goblin hits you with a club.
* * * LOW HITPOINT WARNING * * *
The goblin closely misses you.
It was a potion of curing.
You feel better. Robin throws the goblin at you!
The goblin hits you but does no damage. x2
Firing (i - inventory. (,) - cycle):
d - 45 arrows (quivered)
Press: ? - help, Shift-Dir - straight line, f/p - goblin
Aim: a goblin, wielding a club (moderately wounded)
You shoot an arrow. The arrow barely misses the goblin.
Robin hits you from afar with a spear.
* * * LOW HITPOINT WARNING * * *
The goblin hits you but does no damage. The goblin closely misses you.
Firing (i - inventory. (,) - cycle):
d - 44 arrows (quivered)
Press: ? - help, Shift-Dir - straight line, f/p - goblin
Aim: a goblin, wielding a club You shoot an arrow.
The arrow hits the goblin.
The goblin is heavily wounded.
Robin hits you from afar with a spear!
You die...

#.........#
#.........# ####
#.........# ...
#.........##.# #
###..........#<#
..####..†....#
##.# #.......###
#.####..........
#.g.@g...........
#..(.g..#####....
######.......#
....
............(#
...
#######......#
....g.(......+
#######()....#
########


You could see Robin and 2 goblins.

Vanquished Creatures
  4 adders
  An ooze (D:1)
  A worm (D:3)
  5 leopard geckos
  4 giant cockroaches
  13 goblins
  5 hobgoblins
  3 kobolds
  2 quokkas (D:3)
  8 bats
  A frilled lizard (D:1)
  5 rats
52 creatures vanquished.

Notes
Turn   | Place    | Note
-------+----------+-------------------------------------------
     0 | D:1      | Kullungy the Centaur Arcane Marksman began the quest for the Orb.
     0 | D:1      | Reached XP level 1. HP: 16/16 MP: 2/2
   396 | D:1      | Reached XP level 2. HP: 23/23 MP: 1/3
   534 | D:1      | Reached skill level 3 in Bows
   686 | D:1      | Reached XP level 3. HP: 28/28 MP: 4/4
  1056 | D:2      | Reached skill level 4 in Bows
  1407 | D:2      | Reached XP level 4. HP: 17/35 MP: 3/5
  1823 | D:3      | Noticed Robin
  1845 | D:3      | Slain by Robin

Skill      XL: |  1  2  3 |
---------------+----------+-----
Hexes          | 3 |  3.3
Bows           | 3 4 |  4.7
Fighting       | |  1.7
Dodging        | |  1.7
Spellcasting   | |  1.1

Action                   |  1- 3 |  4- 6 || total
-------------------------+-------+-------++-------
Melee: Shortbow          |     5 |     1 ||     6
 Fire: Shortbow          |   139 |    37 ||   176
 Cast: Corona            |    13 |     5 ||    18
  Use: Potion            |       |     1 ||     1
  Eat: Bread ration      |     1 |     1 ||     2
Armor: Robe              |    33 |    12 ||    45
Dodge: Dodged            |    42 |    23 ||    65
